 Dungeon Crawl Stone Soup version 0.19.0-11-g3fc08b3 (webtiles) character file.

7658 dobroeutro the Severer (level 10, -2/115 HPs)
             Began as a Minotaur Berserker on Nov 8, 2016.
             Was a High Priest of Trog.
             Slain by a wraith (5 damage)
             ... led by Josephine
             ... on level 10 of the Dungeon.
             The game lasted 00:11:09 (7942 turns).

dobroeutro the Severer (Minotaur Berserker)         Turns: 7942, Time: 00:11:09

Health: -2/115     AC: 10    Str: 28    XL:     10   Next: 99%
Magic:  8/8        EV: 11    Int:  5    God:    Trog [*****.]
Gold:   517        SH:  3    Dex: 11    Spells: 0 memorised, 9 levels left

rFire  . . .     SeeInvis .     D - +1 hand axe (drain)
rCold  . . .     Gourm    .     v - +1 ring mail {rPois}
rNeg   . . .     Faith    .     B - +0 buckler
rPois  +         Spirit   .     w - +1 hat
rElec  .         Reflect  .     f - +1 cloak
rCorr  .         Harm     .     r - +0 pair of gloves
MR     .....                    (no boots)
Stlth  ..........               (no amulet)
                                (no ring)
                                s - ring of stealth

@: berserking (expiring), slowed
A: retaliatory headbutt, horns 2, talons 1, low mp 1
a: Berserk, Trog's Hand, Brothers in Arms, Burn Spellbooks, Renounce Religion


You were on level 10 of the Dungeon.
You worshipped Trog.
Trog was extremely pleased with you.
You were hungry.

You visited 1 branch of the dungeon, and saw 10 of its levels.

You collected 517 gold pieces.

Inventory:

Hand Weapons
 D - a +1 hand axe of draining (weapon)
Armour
 f - a +1 cloak (worn)
 r - a +0 pair of gloves (worn)
 v - a +1 ring mail of poison resistance (worn)
 w - a +1 hat (worn)
 B - a +0 buckler (worn)
Jewellery
 s - a ring of stealth (left hand)
Wands
 e - a wand of slowing (36/48)
 h - a wand of disintegration (8/24)
Scrolls
 j - a scroll of fear
 k - 2 scrolls of recharging
 l - a scroll of fog
 m - a scroll of enchant weapon
 y - a scroll of enchant armour
Potions
 b - 3 potions of heal wounds {unknown}
 g - 4 potions of flight
 o - 2 potions of agility
 p - 2 potions of curing {unknown}
 q - a potion of ambrosia
 t - 2 potions of degeneration
 u - a potion of might
 x - 2 potions of brilliance {unknown}
 z - a potion of resistance
Books
 A - a book of Battle

   Spells                             Type                      Level
   a - Infusion                       Charms                       1
   b - Shroud of Golubria             Charms/Translocation         2
   c - Song of Slaying                Charms                       2
   d - Spectral Weapon                Hexes/Charms                 3
   e - Regeneration                   Charms/Necromancy            3
   Trog disapproves of the use of such an item.
Comestibles
 a - 9 chunks of flesh
 c - 13 bread rations
 d - 4 meat rations
 i - 2 slices of pizza
 n - 2 fruits
 C - 6 beef jerkies


   Skills:
 - Level 3.6 Fighting
 + Level 18.7 Axes
 - Level 2.4 Armour
 - Level 2.1 Dodging


You had 9 spell levels left.
You didn't know any spells.

Dungeon Overview and Level Annotations

Branches:
Dungeon (10/15)            Temple (0/1) D:4            Lair (0/6) D:8
    Orc: D:9-12

Altars:
Cheibriados
Kikubaaqudgha
The Shining One

Shops:
D:6 %

Portals:
Trove: D:10 (lose all piety)


Innate Abilities, Weirdness & Mutations

You reflexively headbutt those who attack you in melee.
You have a pair of horns on your head.
You have sharp toenails.
Your magical capacity is low. (-10% MP)


Message History

Trog appreciates your killing of a magic user.
Your life force feels restored.
Unknown command.
You slash the wraith!
The wraith is moderately damaged.
You hit the wraith. You barely miss the wraith. The wraith closely misses you.
The wraith completely misses you.
Unknown command.
You hit the wraith. Your kick misses the wraith.
The wraith is heavily damaged.
You closely miss the wraith. x2; The wraith hits you!
* * * LOW HITPOINT WARNING * * *
The wraith drains your vigour!
You feel as though you will be slow longer.
Unknown command.
You hit the wraith but do no damage. You claw the wraith!
The wraith is severely damaged.
You barely miss the wraith. You slash the wraith!
The wraith closely misses you. The wraith hits you.
You die...

#..## ##..# ##(###
#..(# ######)##
#####+# #.....)(#
.......###.......#
......W#.........#
......W@.#.......#
......W###.......#
.....>.
#..........
#######
#.......###
##......# ######.#
..


You could see 3 wraiths.

Vanquished Creatures
  Josephine (D:10)
  Joseph (D:9)
  Prince Ribbit (D:7)
  A hippogriff (D:8)
  2 wraiths (D:10)
  14 yaks (D:8)
  An orc warrior (D:9)
  2 porcupines (D:8)
  A sky beast (D:9)
  2 black bears
  2 phantoms (D:8)
  2 ice beasts
  7 ogres
  2 centaurs
  A big kobold (D:10)
  3 crocodiles (D:8)
  5 bullfrogs
  A gnoll sergeant (D:9)
  6 killer bees (D:9)
  3 howler monkeys (D:8)
  A centaur zombie (D:8)
  6 crimson imps
  A centaur skeleton (D:6)
  4 hounds
  4 orc priests
  A bullfrog skeleton (D:5)
  3 iguanas
  3 orc wizards
  8 worker ants
  2 killer bee zombies
  A hound skeleton (D:5)
  2 worker ant zombies
  7 gnolls
  2 river rats (D:8)
  9 adders
  A shadow imp (D:10)
  2 oozes (D:3)
  An adder skeleton (D:7)
  8 worms
  3 dart slugs
  10 leopard geckos
  23 orcs
  5 giant cockroaches
  7 goblins
  8 hobgoblins
  18 jackals
  16 kobolds
  2 quokkas
  2 ball pythons
  7 bats
  A frilled lizard (D:3)
  A leopard gecko skeleton (D:7)
  3 rats
230 creatures vanquished.

Notes
Turn   | Place    | Note
-------+----------+-------------------------------------------
     0 | D:1      | dobroeutro the Minotaur Berserker began the quest for the Orb.
     0 | D:1      | Reached XP level 1. HP: 19/19 MP: 0/0
    57 | D:1      | Reached skill level 4 in Axes
   116 | D:1      | Reached XP level 2. HP: 26/26 MP: 1/1
   625 | D:1      | Reached skill level 5 in Axes
   748 | D:2      | Reached XP level 3. HP: 18/31 MP: 2/2
  1069 | D:2      | Reached ** piety under Trog
  1279 | D:2      | Reached XP level 4. HP: 38/39 MP: 3/3
  1282 | D:2      | Reached skill level 6 in Axes
  1597 | D:3      | Found a snail-covered altar of Cheibriados.
  1695 | D:3      | Reached *** piety under Trog
  1896 | D:3      | Reached XP level 5. HP: 45/45 MP: 4/4
  1898 | D:3      | Reached skill level 7 in Axes
  2256 | D:4      | Found a glowing golden altar of the Shining One.
  2322 | D:4      | Noticed an ogre
  2329 | D:4      | Killed an ogre
  2329 | D:4      | Reached skill level 8 in Axes
  2329 | D:4      | Reached XP level 6. HP: 10/51 MP: 5/5
  2605 | D:4      | Found a staircase to the Ecumenical Temple.
  2829 | D:5      | Entered Level 5 of the Dungeon
  2837 | D:5      | Reached skill level 9 in Axes
  2980 | D:5      | Reached XP level 7. HP: 56/57 MP: 6/6
  3062 | D:5      | Reached **** piety under Trog
  3067 | D:5      | Reached skill level 10 in Axes
  3462 | D:6      | Found Othakyb's Food Emporium.
  3769 | D:6      | Reached skill level 11 in Axes
  4035 | D:7      | Noticed Prince Ribbit
  4045 | D:7      | Killed Prince Ribbit
  4045 | D:7      | Received a gift from Trog
  4045 | D:7      | Reached XP level 8. HP: 51/64 MP: 7/7
  4047 | D:7      | Reached skill level 12 in Axes
  4420 | D:7      | Reached skill level 13 in Axes
  4726 | D:8      | Reached XP level 9. HP: 59/70 MP: 8/8
  4731 | D:8      | Reached skill level 14 in Axes
  5606 | D:8      | Reached skill level 15 in Axes
  5619 | D:8      | Reached skill level 16 in Axes
  5622 | D:8      | Reached XP level 10. HP: 36/77 MP: 9/9
  5925 | D:8      | Found an ancient bone altar of Kikubaaqudgha.
  6056 | D:8      | Found a staircase to the Lair.
  6092 | D:8      | Reached skill level 17 in Axes
  6412 | D:9      | Noticed Joseph
  6426 | D:9      | Killed Joseph
  6426 | D:9      | Reached ***** piety under Trog
  7446 | D:9      | Gained mutation: Your magical capacity is low. (-10% MP) [mutagenic meat]
  7448 | D:9      | Gained mutation: Your body sometimes deteriorates upon taking damage. [mutagenic meat]
  7450 | D:9      | Gained mutation: You have sharp toenails. [mutagenic meat]
  7451 | D:9      | Lost mutation: Your body sometimes deteriorates upon taking damage. [mutagenic meat]
  7495 | D:9      | Reached skill level 18 in Axes
  7732 | D:10     | Entered Level 10 of the Dungeon
  7803 | D:10     | Found a portal to a secret trove of treasure.
  7929 | D:10     | Noticed Josephine
  7939 | D:10     | Killed Josephine
  7941 | D:10     | HP: 3/115 [wraith[Josephine] (8)]
  7942 | D:10     | Slain by a wraith

Skill      XL: |  1  2  3  4  5  6  7  8  9 10 |
---------------+-------------------------------+-----
Axes           | 4 5 6 8 9 11 13 16 18 | 18.7
Fighting       | |  3.6
Armour         | |  2.4
Dodging        | |  2.1

Action                   |  1- 3 |  4- 6 |  7- 9 | 10-12 || total
-------------------------+-------+-------+-------+-------++-------
Melee: Hand axe          |    78 |   165 |   284 |   197 ||   724
       Headbutt          |    11 |    25 |    43 |    38 ||   117
       Kick              |       |       |       |    12 ||    12
Invok: Burn Spellbooks   |       |     1 |       |       ||     1
       Berserk           |       |     3 |     4 |     2 ||     9
  Use: Scroll            |       |       |    15 |     1 ||    16
       Potion            |       |       |     1 |       ||     1
 Stab: Sleeping          |     1 |       |       |     1 ||     2
  Eat: Chunk             |       |    10 |    11 |    14 ||    35
       Beef jerky        |       |       |       |     1 ||     1
Armor: Animal skin       |    12 |       |       |       ||    12
       Scale mail        |     5 |    60 |       |       ||    65
       Ring mail         |       |     7 |    83 |    58 ||   148
Dodge: Dodged            |    47 |    51 |    95 |    57 ||   250
Block: Buckler           |       |       |    22 |    22 ||    44
